 Dungeon Crawl Stone Soup version 0.31-a0-164-g2312942fda (webtiles) character file.

Game seed: 10169142111336581900

18 qw the Shooter (level 2, -4/26 HPs)
             Began as a Naga Hunter on June 13, 2023.
             Slain by a goblin
             ... wielding a +0 dagger
             ... led by Robin
              (5 damage)
             ... on level 1 of the Dungeon.
             The game lasted 00:00:11 (968 turns).

qw the Shooter (Naga Hunter)                         Turns: 968, Time: 00:00:12

Health: -4/26      AC:  3    Str: 13    XL:     2   Next: 66%
Magic:  2/2        EV:  9    Int:  9    God:
Gold:   75         SH:  0    Dex: 14    Spells: 1/1 levels left

rFire   . . .        Y - +0 shortbow
rCold   . . .        (shield currently unavailable)
rNeg    . . .        c - +0 leather armour
rPois   +            (no helmet)
rElec   .            (no cloak)
rCorr   .            h - +0 pair of gloves
SInv    +            (no barding)
Will    .....        (no amulet)
Stlth   ++           (no ring)
HPRegen 0.24/turn    (no ring)
MPRegen 0.08/turn

%: no passive effects
@: short of breath, very slow
A: AC +0, large, see invisible, deformed body, poison resistance, slowness 2,
spit poison 1, naga tail 1
a: Spit Poison


You were on level 1 of the Dungeon.
You visited 1 branch of the dungeon, and saw 2 of its levels.

You collected 75 gold pieces.


Innate Abilities, Weirdness & Mutations

Your serpentine skin is tough. (AC +0)
You have supernaturally acute eyesight. (SInv)
Armour fits poorly on your strangely shaped body.
Your system is resistant to poisons. (rPois)
You cover ground very slowly.
You can spit poison.
You have a snake-like lower body.


   Skills:
 - Level 2.0 Fighting
 + Level 4.3 Ranged Weapons
 - Level 1.5 Dodging
 - Level 1.5 Stealth


You had one spell level left.
You didn't know any spells.
Your spell library was empty.

Inventory:

Hand Weapons
 Y - a +0 shortbow (weapon)
Armour
 c - a +0 leather armour (worn)
 h - a +0 pair of gloves (worn)
Potions
 d - a potion of degeneration {unknown}
 i - a potion of curing

Dungeon Overview and Level Annotations

Branches:
Dungeon (2/15)

Altars:

Annotations:
D:2 Robin


Message History

Robin roars a battlecry!
The goblins go into a battle-frenzy!
A goblin comes into view. It is wielding a +0 dagger.
The goblin shouts!
You shoot an arrow. The goblin shouts!
The arrow hits the goblin.
The goblin is moderately wounded.
You shoot an arrow. The arrow hits the goblin.
The goblin is severely wounded.
Robin says, "Feeling lonely?"
You shoot an arrow. The arrow hits the goblin!
You kill the goblin!
The goblin hits you but does no damage. Robin throws the goblin at you!
You shoot an arrow. The arrow barely misses the goblin.
The goblin hits you but does no damage. The goblin hits you with a +0 club.
The goblin hits you with a +0 dagger.
A dart slug comes into view.
965 ||| STAIRDANCE You have got your breath back.
The goblin hits you with a +0 dagger. The goblin closely misses you.
The goblin barely misses you. The goblin hits you with a +0 dagger.
Robin hits you from afar with a +0 spear.
You climb upwards.
There is a stone staircase leading down here.
Enter note:
Enter note:
Enter note:
Enter note:
967 ||| INVOKING Spit Poison.
Aiming: Spit Poison (2% risk of failure)
Press: ? - help, Shift-Dir - straight line, f - goblin The splash of poison misses the goblin.
The goblin hits you with a +0 dagger. The goblin barely misses you.
The goblin hits you with a +0 dagger. The goblin hits you with a +0 club.
The goblin closely misses you.
You shoot an arrow. The arrow barely misses the goblin.
The goblin hits you with a +0 dagger. x2; The goblin closely misses you. x2
The goblin hits you with a +0 dagger. x2
You die...

#.#.##.#.......#.......
#.#..###.#7.7.....)....
#..#....(......#.#####.
##..#..#7#7.7.7#.#####.
##.#..................
###..#.#7.7#7#7#....##.
#......#...# #.##....
7.7.#.gg...# #.#####.
#.#..g@#########.......
7.7.7.gg.......'....###
#.....#.########....#.#
7.7#7.......# #..###.#
#.# #.##..#.# #......#
7.7##.###.#.####..###.#
#.....# #...........#.#
####### ###.###.###.###
#.# #.# #....


You could see 5 goblins.

Vanquished Creatures
  2 endoplasms (D:1)
  A giant cockroach (D:1)
  2 goblins
  4 hobgoblins
  A quokka (D:1)
  A bat (D:1)
  3 frilled lizards (D:1)
  2 kobolds (D:1)
  A rat (D:1)
17 creatures vanquished.

Notes
Turn   | Place    | Note
-------+----------+-------------------------------------------
     0 | D:1      | qw the Naga Hunter began the quest for the Orb.
     0 | D:1      | Reached XP level 1. HP: 19/19 MP: 1/1
     0 | D:1      | 0 ||| qw: Version: 0.2-a-29-gc1b59c4
     0 | D:1      | 0 ||| qw: Game counter: 4562
     0 | D:1      | 0 ||| qw: Always use a shield: true
     0 | D:1      | 0 ||| qw: God list: Okawaru
     0 | D:1      | 0 ||| qw: Allow faded altars: false
     0 | D:1      | 0 ||| qw: Do Orc after D:15 true
     0 | D:1      | 0 ||| qw: Do second Lair branch before Depths: true
     0 | D:1      | 0 ||| qw: Lair rune preference: random
     0 | D:1      | 0 ||| qw: Plans: Normal
     0 | D:1      | 0 ||| PLANNING D:1-11
    24 | D:1      | 24 ||| INVOKING Spit Poison.
    29 | D:1      | 29 ||| INVOKING Spit Poison.
    60 | D:1      | 60 ||| INVOKING Spit Poison.
    64 | D:1      | 64 ||| INVOKING Spit Poison.
   115 | D:1      | 115 ||| INVOKING Spit Poison.
   119 | D:1      | Reached skill level 4 in Ranged Weapons
   119 | D:1      | Reached XP level 2. HP: 26/26 MP: 2/2
   210 | D:1      | 210 ||| INVOKING Spit Poison.
   471 | D:1      | 471 ||| INVOKING Spit Poison.
   580 | D:1      | 580 ||| INVOKING Spit Poison.
   796 | D:1      | 796 ||| INVOKING Spit Poison.
   806 | D:1      | Found a faded altar of an unknown god.
   806 | D:1      | Noticed an Ice Fiend
   809 | D:1      | 809 ||| UPGRADING to +0 pair of gloves.
   814 | D:1      | 814 ||| READING scroll labelled PIPNERE WULL.
   815 | D:1      | 815 ||| READING scroll labelled HUTTON DECW.
   916 | D:1      | 916 ||| READING scroll labelled IRAFAACELA.
   917 | D:1      | 917 ||| DRINKING 2 metallic coppery potions.
   918 | D:1      | 918 ||| DROPPING scroll of butterflies.
   959 | D:2      | Noticed Robin
   960 | D:2      | 960 ||| INVOKING Spit Poison.
   965 | D:2      | 965 ||| STAIRDANCE
   967 | D:1      | 967 ||| INVOKING Spit Poison.
   968 | D:1      | HP: 5/26 [goblin/+0 dagger[Robin] (4)]
   968 | D:1      | HP: 1/26 [goblin/+0 dagger[Robin] (2)]
   968 | D:1      | Slain by a goblin

Levels and vault maps discovered:
D:1:      dpeg_arrival_stone_temple_mockup, layout_basic, serial_forest,
          infiniplex_forest_lined_3_way, infiniplex_forest_lined_1,
          infiniplex_forest_lined_ring, infiniplex_forest_lined_3_way,
          infiniplex_forest_side_room, dreamdust_ecumenical_altar_sealed_demon,
          grunt_decor_cap
D:2:      layout_basic, minmay_pentomino_r4, uniq_robin

Skill      XL: |  1 |
---------------+----+-----
Ranged Weapons | 4 |  4.3
Fighting       | |  2.0
Dodging        | |  1.5
Stealth        | |  1.5

Action                     || total
---------------------------++-------
   Fire: Shortbow          ||    21
Ability: Spit Poison       ||    11
    Use: Scroll            ||     3
         Potion            ||     1
 Armour: Leather armour    ||     4
  Dodge: Dodged            ||     8

Table legend:
 A = Non-vault XP
 B = Vault XP
 C = Vault XP percentage of total XP
 D = Non-vault monster count
 E = Vault monster count
 F = Vault count percentage of total count
                 A         B        C        D         E       F
            +---------+---------+-------+---------+---------+-------
      Total |      23 |       3 |  11.5 |      15 |       2 |  11.8
            +---------+---------+-------+---------+---------+-------
        D:1 |      23 |       0 |   0.0 |      15 |       0 |   0.0
        D:2 |       0 |       3 | 100.0 |       0 |       2 | 100.0
            +---------+---------+-------+---------+---------+-------
